 Dungeon Crawl Stone Soup version 0.21.1-1-g345015fe64 (webtiles) character file.

21 Ivernyr the Charmwright (level 3, -2/27 HPs)
             Began as a Human Skald on June 5, 2018.
             Killed by nerve-wracking pain
             ... invoked by an orc priest
              (8 damage)
             ... on level 1 of the Dungeon.
             The game lasted 00:02:25 (1519 turns).

Ivernyr the Charmwright (Human Skald)               Turns: 1519, Time: 00:02:26

Health: -2/27      AC:  5    Str: 11    XL:     3   Next: 2%
Magic:  6/6        EV: 11    Int: 13    God:
Gold:   41         SH:  0    Dex: 13    Spells: 1/6 levels left

rFire    . . .     SeeInvis .   a - +0 falchion
rCold    . . .     Gourm    .   (no shield)
rNeg     . . .     Faith    .   b - +0 ring mail
rPois    .         Spirit   .   (no helmet)
rElec    .         Reflect  .   (no cloak)
rCorr    .         Harm     .   (no gloves)
MR       .....                  (no boots)
Stlth    +.........             (no amulet)
HPRegen  0.09/turn              (no ring)
MPRegen  0.10/turn              (no ring)

@: no status effects
A: no striking features
a: no special abilities


You were on level 1 of the Dungeon.
You were not hungry.

You visited 1 branch of the dungeon, and saw 2 of its levels.

You collected 41 gold pieces.

Inventory:

Hand Weapons
 a - a +0 falchion (weapon)
Armour
 b - a +0 ring mail (worn)
Potions
 e - a potion of curing {unknown}
Books
 c - a book of Battle

   Spells                             Type                      Level
   a - Infusion                       Charms                       1
   b - Shroud of Golubria             Charms/Translocation         2
   c - Song of Slaying                Charms                       2
   d - Spectral Weapon                Hexes/Charms                 3
   e - Regeneration                   Charms/Necromancy            3
Comestibles
 d - 2 rations


   Skills:
 - Level 2.0 Fighting
 - Level 2.0 Long Blades
 * Level 1.3 Throwing
 + Level 1.4 Armour
 - Level 2.0 Dodging
 - Level 2.0 Spellcasting
 * Level 3.4 Charms


You had one spell level left.
You knew the following spells:

 Your Spells              Type           Power        Failure   Level  Hunger
a - Shroud of Golubria    Chrm/Tloc      #.........   41%         2    ###....
b - Song of Slaying       Chrm           ##......     22%         2    ###....
c - Infusion              Chrm           ##..         14%         1    ##.....


Dungeon Overview and Level Annotations

Branches:
Dungeon (2/15)

Altars:


Message History

The orc priest hits you but does no damage. x2
You barely miss the orc priest.
The orc priest is lightly wounded.
The orc priest hits you with a short sword.
You completely miss the orc priest.
The orc priest is lightly wounded.
The orc priest begins to cast a cantrip, but forgets the words!
You closely miss the orc priest.
The orc priest is lightly wounded.
The orc priest hits you but does no damage.
You barely miss the orc priest.
The orc priest is lightly wounded.
The orc priest hits you but does no damage.
You hit the orc priest but do no damage.
The orc priest is lightly wounded.
The orc priest hits you with a short sword.
* * * LOW HITPOINT WARNING * * *
The orc priest calls down the wrath of Beogh upon you.
Pain shoots through your body!
You die...

#.##########.# #.# ##.##
########## #.#
######.#.####......... #.#
#.....###...#.######## #.#
#.####.#.##)#.# # #.# #(#
##.###.#.# # #.# #.# #.#
#.#.# #
#.####.#####.###.#.########
#.........@o[##............
####.##########..#.########
#.# #....# ###### #.#
#.#### #..... #.# #.#
#.#### #.# #.# #.# # #.#
#.# #.# #.# #.# #.# ##.##
#.# #.#


You could see an orc priest.

Vanquished Creatures
  A dart slug (D:1)
  An orc (D:1)
  2 giant cockroaches (D:1)
  2 hobgoblins (D:1)
  A ball python (D:1)
  5 frilled lizards (D:1)
  2 goblins (D:1)
  3 kobolds (D:1)
  3 rats (D:1)
20 creatures vanquished.

Notes
Turn   | Place    | Note
-------+----------+-------------------------------------------
     0 | D:1      | Ivernyr the Human Skald began the quest for the Orb.
     0 | D:1      | Reached XP level 1. HP: 16/16 MP: 3/3
   230 | D:1      | Reached XP level 2. HP: 3/22 MP: 5/5
   535 | D:1      | Learned a level 2 spell: Song of Slaying
   538 | D:1      | Learned a level 2 spell: Shroud of Golubria
   568 | D:1      | Reached skill level 1 in Throwing
  1214 | D:1      | Reached XP level 3. HP: 23/27 MP: 3/6
  1519 | D:1      | Killed from afar by an orc priest

Skill      XL: |  1  2 |
---------------+-------+-----
Throwing       | 1 |  1.3
Fighting       | |  2.0
Long Blades    | |  2.0
Armour         | |  1.4
Dodging        | |  2.0
Spellcasting   | |  2.0
Charms         | |  3.4

Action                   || total
-------------------------++-------
Melee: Falchion          ||    80
 Cast: Shroud of Golubri ||     3
  Eat: Chunk             ||     2
Armor: Leather armour    ||    18
       Ring mail         ||     6
Dodge: Dodged            ||    37
       Rpst.: Falchion   ||    16
